 Dungeon Crawl Stone Soup version 0.25-a0-510-ge065f6de7d (webtiles) character file.

Game seed: 18349446375051558968, levelgen mode: deterministic

47591 Flugslaktarn the Severer (level 14, -1/130 HPs)
             Began as a Deep Dwarf Fighter on Feb 15, 2020.
             Was the Champion of Makhleb.
             Slain by a cyclops (17 damage)
             ... on level 12 of the Dungeon.
             The game lasted 00:12:24 (12116 turns).

Flugslaktarn the Severer (Deep Dwarf Fighter)      Turns: 12116, Time: 00:12:24

Health: -1/130     AC: 21    Str: 24    XL:     14   Next: 9%
Magic:  8/8        EV:  6    Int: 10    God:    Makhleb [******]
Gold:   555        SH: 13    Dex: 12    Spells: 13/13 levels left

rFire    + . .     SeeInvis .   y - +2 war axe (vorpal)
rCold    . . .     Gourm    .   c - +0 kite shield
rNeg     + . .     Faith    .   J - +0 plate armour {rF+}
rPois    .         Spirit   .   m - +2 helmet
rElec    .         Reflect  .   h - +0 cloak
rCorr    +         Harm     .   (no gloves)
MR       ++...                  a - +0 pair of boots
Stlth    ..........             (no amulet)
HPRegen  0.00/turn              k - ring of resist corrosion
MPRegen  0.11/turn              (no ring)

@: non-regenerating
A: damage resistance, heal wounds, negative energy resistance 1, sense
surroundings 2, no regeneration
a: Heal Wounds, Minor Destruction, Lesser Servant of Makhleb, Major Destruction,
Greater Servant of Makhleb, Renounce Religion


You were on level 12 of the Dungeon.
You worshipped Makhleb.
Makhleb was exalted by your worship.
You were not hungry.

You visited 3 branches of the dungeon, and saw 18 of its levels.

You collected 963 gold pieces.
You spent 408 gold pieces at shops.

Inventory:

Hand Weapons
 y - a +2 vorpal war axe (weapon)
   (You took it off a wight on level 8 of the Dungeon)
 K - a +1 war axe of venom
   (You found it on level 2 of the Lair of Beasts)
Armour
 a - a +0 pair of boots (worn)
   (You found it on level 4 of the Lair of Beasts)
 c - a +0 kite shield (worn)
 h - a +0 cloak (worn)
   (You found it on level 6 of the Dungeon)
 m - a +2 helmet (worn)
   (You took it off Robin on level 4 of the Dungeon)
 B - the +1 scale mail of Eternal Night {Str+4}
   (You found it on level 9 of the Dungeon)

   It affects your strength (+4).
   If you switch to wearing this armour, your AC will decrease by 5 (21 -> 16).
 J - a +0 plate armour of fire resistance (worn)
   (You bought it in a shop on level 5 of the Dungeon)
 O - the +3 hat of Pondering {ponderous, MR+ MP+10 Int+5}
   (You took it off Gastronok on level 12 of the Dungeon)

   It affects your intelligence (+5).
   It affects your resistance to hostile enchantments.
   It affects your magic capacity (+10).
   If you switch to wearing this armour, your AC will remain unchanged.
Jewellery
 k - a ring of resist corrosion (left hand)
   (You found it on level 5 of the Dungeon)
 p - an uncursed ring of fire
   (You found it on level 2 of the Lair of Beasts)
Wands
 b - a wand of enslavement (10)
   (You found it on level 1 of the Lair of Beasts)
 j - a wand of iceblast (9)
   (You found it on level 7 of the Dungeon)
 u - a wand of scattershot (2)
   (You found it on level 2 of the Lair of Beasts)
 v - a wand of digging (10)
   (You found it on level 11 of the Dungeon)
 F - a wand of paralysis (24)
   (You found it on level 6 of the Dungeon)
Scrolls
 f - 2 scrolls of fear
 i - 2 scrolls of enchant weapon
 o - 3 scrolls of amnesia
 r - 2 scrolls of identify
 t - 4 scrolls of teleportation
 w - 7 scrolls of remove curse
 x - 2 scrolls of silence
 z - 3 scrolls of blinking
 H - a scroll of vulnerability
 I - a scroll of magic mapping
 M - a scroll of noise {unknown}
 N - a scroll of fog
Potions
 d - 6 potions of might
 l - 3 potions of lignification
 n - a potion of resistance
 q - 4 potions of curing
 s - a potion of agility
 A - 4 potions of flight
 C - a potion of cancellation {unknown}
 D - a potion of haste {unknown}
 E - 2 potions of brilliance
 G - 2 potions of heal wounds {unknown}
Miscellaneous
 g - a lamp of fire
   (You found it on level 4 of the Lair of Beasts)
Comestibles
 e - 40 rations
 L - 14 chunks of flesh


   Skills:
 + Level 9.7 Fighting
 * Level 15.1 Axes
 + Level 11.3 Armour
 + Level 11.5 Shields
 + Level 12.3 Invocations
 - Level 6.1 Evocations


You had 13 spell levels left.
You didn't know any spells.
Your spell library was empty.

Dungeon Overview and Level Annotations

Branches:
Dungeon (12/15)            Temple (1/1) D:4            Lair (5/6) D:11
  Swamp (0/4) Lair:3        Snake (0/4) Lair:4        Slime (0/5) Lair:5
    Orc (0/2) D:9

Altars:
Ashenzari
Cheibriados
Dithmenos
Elyvilon
Fedhas
Gozag
Kikubaaqudgha
Makhleb
Nemelex Xobeh
Okawaru
Qazlal
Ru
Sif Muna
Trog
Uskayaw
Vehumet
Wu Jian
Xom
The Shining One
Beogh
Jiyva

Shops:
D:5 *%=(   D:7 *   D:12 *

Annotations:
D:5 2 transporters, Gruesome's ghost, novice OpAs
D:10 1 runed translucent door, Killmatronix's ghost, novice DsGl
Lair:3 1 runed translucent door, sking99's ghost, journeyman OgTm
Lair:4 exclusion: 2 oklob plants


Innate Abilities, Weirdness & Mutations

You are resistant to damage.
You can heal yourself by infusing magical energy.
You resist negative energy. (rN+)
You passively map the area around you.
You do not regenerate.


Message History

You slash the worker ant!
The worker ant is heavily wounded.
The worker ant bites you but does no damage.
You closely miss the worker ant.
The worker ant is heavily wounded.
You block the worker ant's attack.
You slash the worker ant!
You kill the worker ant!
Makhleb accepts your kill.
You feel better.
The cyclops throws a large rock.
The large rock hits you!!
* * * LOW HITPOINT WARNING * * *
You see here a large rock.
You slash the cyclops!
The cyclops is moderately wounded.
The cyclops hits you but does no damage.
You hit the cyclops but do no damage.
The cyclops is moderately wounded.
The cyclops hits you!!
You die...

##### #...#
#...##########
######............>
*,#....#...##########
#@.(.(.## #####.
#....C................
#.....#....#########.#
##.##........## ##.#
#. ######....#####..#
#, #.#......#.## *
#.#.#.##.#.## ,*
##............ #.#
##.............


You could see a cyclops.

Vanquished Creatures
  Gastronok (D:12)
  Azrael (D:12)
  6 hydras
  Harold (D:8)
  A catoblepas (Lair:5)
  A two-headed ogre (D:9)
  Urug (Lair:2)
  Sonja (D:12)
  2 unseen horrors
  A wolf spider zombie (D:11)
  4 ugly things
  2 manticores
  9 elephants
  A gargoyle (D:12)
  3 black mambas (Lair:4)
  Joseph (D:10)
  Maggie (Lair:2)
  14 spiny frogs
  A kobold demonologist (D:11)
  A rime drake (Lair:5)
  2 centaur skeletons
  9 komodo dragons
  A merfolk (D:10)
  A queen bee (Lair:1)
  A polar bear (Lair:4)
  Grinder (D:5)
  7 blink frogs
  A hornet (D:11)
  4 dream sheep (Lair:5)
  6 hippogriffs
  A shadow (D:11)
  21 yaks
  4 wraiths (D:11)
  2 wyverns
  3 fire elementals (D:12)
  3 basilisks
  2 hungry ghosts
  6 nagas (Lair:4)
  2 two-headed ogre zombies (D:9)
  6 insubstantial wisps (Lair:3)
  10 water moccasins
  10 porcupines
  4 hell hounds (D:12)
  3 orc warriors
  An eye of draining (D:8)
  3 phantoms
  3 ice beasts
  4 sky beasts
  A necrophage (D:6)
  A black bear (D:11)
  6 wolves
  6 centaurs
  6 ogres
  10 crocodiles
  4 big kobolds
  8 bullfrogs
  30 killer bees
  6 scorpions
  A troll zombie (D:9)
  4 wights (D:8)
  An electric eel (Lair:2)
  3 howler monkeys
  5 crimson imps
  3 bullfrog zombies
  A quasit (D:8)
  5 hounds
  2 centaur zombies
  2 jellies
  4 orc priests
  12 orc wizards
  2 bullfrog skeletons
  Ijyb (D:3)
  2 iguanas
  Natasha (thrice) (D:3)
  7 worker ants
  5 ogre zombies (D:9)
  3 hound zombies
  A hound skeleton (D:11)
  Robin (D:4)
  2 mummies (D:8)
  10 adders
  4 gnolls (D:8)
  A shadow imp (D:5)
  An ooze (D:3)
  3 worms
  3 dart slugs
  6 leopard geckos
  53 orcs
  A giant cockroach (D:5)
  5 hobgoblins
  2 jackals (D:6)
  4 quokkas
  3 ball pythons
  6 bats
  3 frilled lizards
  14 goblins
  3 goblin skeletons (D:9)
  2 goblin zombies (D:9)
  2 hobgoblin skeletons (D:9)
  A hobgoblin zombie (D:9)
  22 kobolds
  An orc skeleton (D:9)
  16 orc zombies (D:9)
  A quokka skeleton (D:9)
  5 rats
  A fungus (Lair:2)
  A plant (Lair:4)
496 creatures vanquished.

Vanquished Creatures (collateral kills)
  A hydra (Lair:1)
  A spiny frog (Lair:4)
2 creatures vanquished.

Vanquished Creatures (others)
  3 plants
  2 withered plants (Lair:3)
5 creatures vanquished.

Grand Total: 503 creatures vanquished

Notes
Turn   | Place    | Note
-------+----------+-------------------------------------------
     0 | D:1      | Flugslaktarn the Deep Dwarf Fighter began the quest for the
                  | Orb.
     0 | D:1      | Reached XP level 1. HP: 20/20 MP: 1/1
   201 | D:1      | Reached XP level 2. HP: 24/27 MP: 2/2
   311 | D:3      | Found a radiant altar of Vehumet.
   351 | D:3      | Reached skill level 3 in Axes
   385 | D:3      | Noticed Natasha
   396 | D:3      | Noticed a crimson imp
   396 | D:3      | Killed Natasha
   396 | D:3      | Reached XP level 3. HP: 34/34 MP: 3/3
   477 | D:3      | Found a hide-covered altar of Uskayaw.
   537 | D:3      | Noticed Ijyb
   537 | D:3      | Noticed Natasha
   540 | D:3      | Reached XP level 4. HP: 39/42 MP: 4/4
   555 | D:3      | Killed Ijyb
   557 | D:3      | Killed Natasha
   712 | D:3      | Noticed Natasha
   739 | D:3      | Killed Natasha
   739 | D:3      | Reached skill level 4 in Axes
   739 | D:3      | Reached XP level 5. HP: 22/49 MP: 4/4
   810 | D:4      | Noticed Robin
   823 | D:4      | Killed Robin
   852 | D:4      | Found a blossoming altar of Fedhas.
   852 | D:4      | Found a sparkling altar of Nemelex Xobeh.
   954 | D:4      | Reached XP level 6. HP: 36/56 MP: 5/5
  1015 | D:4      | Reached skill level 5 in Axes
  1028 | D:4      | Found an iron altar of Okawaru.
  1182 | D:4      | Found a staircase to the Ecumenical Temple.
  1205 | Temple   | Entered the Ecumenical Temple
  1260 | Temple   | Became a worshipper of Makhleb the Destroyer
  1413 | D:5      | Entered Level 5 of the Dungeon
  1418 | D:5      | Found Gegiwana's General Store.
  1421 | D:5      | Bought a potion of might for 48 gold pieces
  1445 | D:5      | Found Ysafa's Jewellery Shoppe.
  1463 | D:5      | Found Fukehoel's Food Shop.
  1509 | D:5      | Reached XP level 7. HP: 47/64 MP: 5/5
  1515 | D:5      | Found a shadowy altar of Dithmenos.
  1579 | D:5      | Found Vualil's Weapon Boutique.
  1627 | D:5      | Reached skill level 5 in Shields
  1627 | D:5      | Reached skill level 1 in Invocations
  1633 | D:5      | Reached skill level 5 in Armour
  1633 | D:5      | Noticed Grinder
  1651 | D:5      | Reached skill level 6 in Axes
  1674 | D:5      | Killed Grinder
  1711 | D:5      | Found a transporter.
  1776 | D:5      | HP: 3/66 [ogre/+0 giant club (18)]
  1779 | D:5      | Reached XP level 8. HP: 19/73 MP: 6/6
  1787 | D:5      | Found a transporter.
  1796 | D:5      | Noticed Gruesome's ghost (novice OpAs)
  2371 | D:6      | Reached * piety under Makhleb
  2371 | D:6      | Reached skill level 7 in Axes
  3172 | D:7      | Reached skill level 5 in Fighting
  3286 | D:7      | HP: 3/74 [something (5)]
  3293 | D:7      | Killed an unseen horror
  3293 | D:7      | Reached skill level 8 in Axes
  3293 | D:7      | Gained mutation: You passively map the area around you.
                  | [Deep Dwarf growth]
  3293 | D:7      | Reached XP level 9. HP: 50/81 MP: 6/6
  3297 | D:7      | Found Himestuo's General Store.
  3368 | D:7      | Reached skill level 5 in Invocations
  4139 | D:8      | Noticed Harold
  4154 | D:7      | Reached skill level 9 in Axes
  4204 | D:8      | Reached ** piety under Makhleb
  4235 | D:8      | Killed Harold
  4235 | D:8      | Reached XP level 10. HP: 43/91 MP: 7/7
  4245 | D:8      | Got a turquoise-encrusted chain mail
  4256 | D:8      | Identified the +0 chain mail of the Sacrificial Victim
                  | {*Slow rN++ Regen+ Int+3} (You found it on level 8 of the
                  | Dungeon)
  4309 | D:8      | Reached skill level 10 in Axes
  4829 | D:9      | Found a roughly hewn altar of Beogh.
  4846 | D:9      | Reached *** piety under Makhleb
  4974 | D:9      | You fall into a shaft and drop 1 floor!
  4974 | D:10     | Entered Level 10 of the Dungeon
  4974 | D:10     | Noticed Joseph
  4988 | D:10     | Killed Joseph
  4991 | D:10     | Killed an unseen horror
  4991 | D:10     | Reached **** piety under Makhleb
  4991 | D:10     | Reached skill level 11 in Axes
  5151 | D:9      | Reached XP level 11. HP: 64/100 MP: 8/8
  5183 | D:9      | Got a smoking scale mail
  5194 | D:9      | Identified the +1 scale mail of Eternal Night {Str+4} (You
                  | found it on level 9 of the Dungeon)
  5211 | D:9      | Noticed a two-headed ogre
  5221 | D:9      | Killed a two-headed ogre
  5353 | D:9      | Found a bloodstained altar of Trog.
  5473 | D:9      | Reached ***** piety under Makhleb
  5484 | D:9      | Found a staircase to the Orcish Mines.
  5944 | D:10     | Found a runed translucent door.
  5944 | D:10     | Noticed Killmatronix's ghost (novice DsGl)
  6322 | D:11     | Paralysed by a hornet for 2 turns
  6326 | D:11     | Paralysed by a hornet for 3 turns
  6402 | D:11     | Reached skill level 12 in Axes
  6567 | D:11     | Noticed a purple ugly thing
  6568 | D:11     | Noticed a green ugly thing
  6588 | D:11     | Killed a red ugly thing
  6592 | D:11     | Killed a red ugly thing
  6602 | D:11     | Found a staircase to the Lair.
  6703 | D:11     | Found the +5 scythe "Finisher" {speed, eviscerate}
  6827 | D:5      | Bought a +0 plate armour of fire resistance for 360 gold
                  | pieces
  6993 | Lair:1   | Entered Level 1 of the Lair of Beasts
  7087 | Lair:1   | HP: 4/103 [queen bee (4)]
  7110 | Lair:1   | Reached XP level 12. HP: 35/110 MP: 6/6
  7149 | Lair:1   | Noticed an eight-headed hydra
  7156 | Lair:1   | Killed an eight-headed hydra
  7628 | Lair:1   | Reached skill level 10 in Invocations
  7964 | Lair:2   | Noticed Maggie
  7984 | Lair:2   | Reached skill level 13 in Axes
  7997 | Lair:2   | Killed Maggie
  8037 | Lair:2   | Reached skill level 10 in Shields
  8065 | Lair:2   | Reached skill level 10 in Armour
  8099 | Lair:2   | Found a sacrificial altar of Ru.
  8103 | Lair:2   | Noticed a seven-headed hydra
  8136 | Lair:2   | Killed a 20-headed hydra
  8561 | Lair:2   | Reached skill level 1 in Evocations
  8602 | Lair:2   | Noticed Urug
  8623 | Lair:2   | Killed Urug
  8998 | Lair:3   | Noticed a four-headed hydra
  9012 | Lair:3   | Killed a seven-headed hydra
  9012 | Lair:3   | Reached XP level 13. HP: 51/120 MP: 8/8
  9125 | Lair:3   | Reached ****** piety under Makhleb
  9154 | Lair:3   | Reached skill level 14 in Axes
  9182 | Lair:3   | Found a staircase to the Swamp.
  9433 | Lair:3   | Found a runed translucent door.
  9433 | Lair:3   | Noticed sking99's ghost (journeyman OgTm)
  9884 | Lair:4   | HP: 6/121 [poisoned by a spiny frog]
  9941 | Lair:4   | HP: 2/121 [komodo dragon (17)]
 10084 | Lair:4   | Found a staircase to the Snake Pit.
 10417 | Lair:4   | Reached skill level 5 in Evocations
 11220 | Lair:5   | Found a viscous altar of Jiyva.
 11228 | Lair:5   | Found a staircase to the Slime Pits.
 11771 | D:12     | Found Byggin's General Store.
 11796 | D:12     | Noticed Azrael
 11836 | D:12     | Killed Azrael
 11847 | D:12     | Noticed Sonja
 11863 | D:12     | Reached skill level 15 in Axes
 11909 | D:12     | Killed Sonja
 11955 | D:12     | Gained mutation: You resist negative energy. (rN+) [Deep
                  | Dwarf growth]
 11955 | D:12     | Reached XP level 14. HP: 37/130 MP: 9/9
 12035 | D:12     | Noticed Gastronok
 12057 | D:12     | HP: 5/130 [Gastronok/the air (28)]
 12076 | D:12     | Killed Gastronok
 12116 | D:12     | Slain by a cyclops

Levels and vault maps discovered:
D:1:      dpeg_arrival_brainrot, layout_basic
D:2:      layout_basic, zin_purify, overflow_temple_1_default
D:3:      layout_loops_cross, vehumet_crystals, eat_drink_and_be_merry_uskayaw,
          uniq_ijyb, uniq_crazy_yiuf_cottage, uniq_natasha
D:4:      layout_basic, old_standard_altar, gammafunk_temple_overflow_statue,
          minmay_temple_entry_water_ring, uniq_robin
D:5:      layout_loops_ring, nicolae_dithmenos_through_a_glass_darkly,
          serial_shops, shop, nicolae_shop_behind_doors, shop, shop,
          gammafunk_ghost_stat_death, first_ration, uniq_grinder
D:6:      minmay_inner_zag, layout_basic
D:7:      layout_basic, serial_shops, nicolae_shop_stone
D:8:      layout_loops_ring, lemuel_mausoleum_altar_yredelemnul, st_stairs_11,
          uniq_harold
D:9:      kennysheep_blocky_hall, layout_rooms, tgw_trog, zombieorc2_lemuel,
          special_room [special_room_orc]
D:10:     layout_rooms, ebering_ghost_inner_flame, hangedman_fish_farm,
          uniq_joseph
D:11:     layout_cave_pools, lair_entry_dummy, minmay_guarded_unrand_finisher
D:12:     layout_rooms, serial_shops, shop, uniq_nergalle, uniq_azrael,
          uniq_gastronok, uniq_sonja
Temple:   minmay_temple_bridge_abc
Lair:1:   layout_cave_pods, special_room [special_room_bee]
Lair:2:   layout_gridlike, basic_altar, chequers_serial_rivers_micro_e,
          lemuel_fruit_tree, uniq_maggie, uniq_urug
Lair:3:   layout_roguey, minmay_swamp_entry_wisps, gammafunk_ghost_grave
Lair:4:   layout_cave_pods, minmay_snake_entry_guardpost_medium,
          nzn_random_ring, grunt_megastairs_4, minmay_lair_oklob_chamber
Lair:5:   layout_regular_city, slime_altar_1

Skill      XL: |  1  2  3  4  5  6  7  8  9 10 11 12 13 14 |
---------------+-------------------------------------------+-----
Axes           | 3 4 5 6 8 9 11 12 13 15 | 15.1
Fighting       | 3 4 5 6 7 8 9 |  9.7
Armour         | 4 5 6 7 8 9 10 11 | 11.3
Shields        | 4 5 6 7 8 9 10 11 | 11.5
Invocations    | 3 4 6 8 9 11 12 | 12.3
Evocations     | 2 5 6 |  6.1

Action                   |  1- 3 |  4- 6 |  7- 9 | 10-12 | 13-15 || total
-------------------------+-------+-------+-------+-------+-------++-------
Melee: War axe           |    74 |   169 |    68 |   796 |   526 ||  1633
       Hand axe          |       |       |   339 |    30 |       ||   369
Invok: Lesser Servant of |       |       |       |     3 |     1 ||     4
 Abil: Heal Wounds       |     1 |     6 |    14 |    18 |    10 ||    49
Evoke: Wand              |       |       |       |     2 |     8 ||    10
  Use: Scroll            |       |       |     5 |     7 |     4 ||    16
       Potion            |       |       |       |     5 |     1 ||     6
 Stab: Paralysed         |       |       |       |    13 |     1 ||    14
  Eat: Chunk             |       |     3 |     8 |    17 |    11 ||    39
       Ration            |       |       |       |     1 |       ||     1
Armor: Scale mail        |    55 |    91 |   227 |   168 |       ||   541
       Chain mail        |       |       |       |    16 |       ||    16
       Plate armour      |       |       |       |   288 |   276 ||   564
Dodge: Dodged            |    28 |    33 |   103 |   289 |    86 ||   539
Block: Kite shield       |    52 |    89 |   239 |   615 |   313 ||  1308

Table legend:
 A = Non-vault XP
 B = Vault XP
 C = Vault XP percentage of total XP
 D = Non-vault monster count
 E = Vault monster count
 F = Vault count percentage of total count
                 A         B        C        D         E       F
            +---------+---------+-------+---------+---------+-------
      Total |   44332 |   23656 |  34.8 |     328 |     168 |  33.9
            +---------+---------+-------+---------+---------+-------
        D:1 |      21 |       0 |   0.0 |      11 |       0 |   0.0
        D:2 |       1 |       0 |   0.0 |       1 |       0 |   0.0
        D:3 |     127 |      71 |  35.9 |      16 |       2 |  11.1
        D:4 |     428 |      38 |   8.2 |      20 |      13 |  39.4
        D:5 |     613 |     281 |  31.4 |      20 |       1 |   4.8
        D:6 |     479 |      38 |   7.4 |      11 |       2 |  15.4
        D:7 |    2269 |      48 |   2.1 |      26 |       1 |   3.7
        D:8 |    1663 |    1434 |  46.3 |      35 |       6 |  14.6
        D:9 |    2809 |    1517 |  35.1 |      30 |      70 |  70.0
       D:10 |    2367 |     684 |  22.4 |      21 |       2 |   8.7
       D:11 |    3279 |     852 |  20.6 |      17 |       4 |  19.0
       D:12 |    2996 |    5660 |  65.4 |      20 |      10 |  33.3
     Lair:1 |    4419 |    1829 |  29.3 |      17 |      25 |  59.5
     Lair:2 |    9469 |    1259 |  11.7 |      35 |       2 |   5.4
     Lair:3 |    5030 |     980 |  16.3 |      19 |       6 |  24.0
     Lair:4 |    4822 |    8965 |  65.0 |      17 |      24 |  58.5
     Lair:5 |    3540 |       0 |   0.0 |      12 |       0 |   0.0
            +---------+---------+-------+---------+---------+-------
